 Dungeon Crawl Stone Soup version 0.27-a0-1196-g3e9cee4cb2 (webtiles) character file.

Game seed: 6323444537570369919

241 senseless the Grave Robber (level 5, 0/35 HPs)
             Began as a Demonspawn Necromancer on May 27, 2021.
             Slain by Grinder (5 damage)
             ... while paralysed by Grinder
             ... on level 4 of the Dungeon.
             The game lasted 00:13:03 (4299 turns).

senseless the Grave Robber (Demonspawn Necromancer) Turns: 4299, Time: 00:13:03

Health: 0/35       AC:  3    Str:  9    XL:     5   Next: 80%
Magic:  11/11      EV:  2    Int: 17    God:
Gold:   70         SH:  0    Dex: 13    Spells: 7/12 levels left

rFire    . . .     SeeInvis .   i - +0 short sword
rCold    . . .     Faith    .   (no shield)
rNeg     . . .     Spirit   .   a - +0 robe
rPois    .         Reflect  .   (helmet restricted)
rElec    .         Harm     .   (no cloak)
rCorr    .         Rampage  .   (no gloves)
Will     .....                  n - +0 pair of boots
Stlth    ++........             (no amulet)
HPRegen  0.11/turn              (no ring)
MPRegen  0.12/turn              (no ring)

@: paralysed
A: antennae 1, spiny 2
a: no special abilities


You were on level 4 of the Dungeon.
You visited 1 branch of the dungeon, and saw 4 of its levels.

You collected 70 gold pieces.

Inventory:

Hand Weapons
 h - a +0 whip
 i - a +0 short sword (weapon)
Missiles
 k - 3 atropa-tipped darts (quivered)
Armour
 a - a +0 robe (worn)
 n - a +0 pair of boots (worn)
Jewellery
 c - a ring of fire
Scrolls
 e - 3 scrolls of fear
Potions
 b - a potion of magic
 f - 2 potions of mutation
 g - 2 potions of flight
 j - 2 potions of invisibility
 l - a potion of lignification {unknown}
 o - a potion of curing {unknown}
 p - a potion of degeneration {unknown}
 q - a potion of heal wounds {unknown}


   Skills:
 + Level 1.8 Dodging
 + Level 2.1 Stealth
 + Level 4.0 Spellcasting
 + Level 6.3 Necromancy


You had 7 spell levels left.
You knew the following spells:

 Your Spells              Type           Power      Damage    Failure   Level
a - Pain                  Necr           100%       1d9       1%          1
b - Animate Skeleton      Necr           50%        N/A       1%          1
c - Vampiric Draining     Necr           12%        2d7       3%          3

Your spell library contained the following spells:

 Spells                   Type           Power      Damage    Failure   Level
 Animate Dead             Necr           12%        N/A       12%         4
 Beastly Appendage        Tmut           6%         N/A       16%         1
 Wereblood                Tmut           3%         N/A       24%         2
 Agony                    Necr           25%        N/A       32%         5
 Spider Form              Tmut/Pois      1%         N/A       43%         3
 Ice Form                 Ice/Tmut       3%         N/A       83%         4
 Hydra Form               Tmut           1%         N/A       99%         5


Dungeon Overview and Level Annotations

Branches:
Dungeon (4/15)
 Temple: D:4-7

Altars:
Cheibriados
Sif Muna

Shops:
D:1 ?   D:3 (

Annotations:
D:3 2 transporters, tilp's ghost, amateur BaSu
D:4 Grinder


Innate Abilities, Weirdness & Mutations

You have a pair of small antennae on your head.
You are mostly covered in sharp spines.


Message History

Your Spellcasting skill increases to level 4!
You feel sick.
You feel sick.
You feel sick.
You feel sick.
You feel sick.
You are no longer poisoned.
A goblin and Grinder come into view.
The goblin shouts!
Grinder shouts!
Grinder gestures at you. Pain shoots through your body!
The goblin writhes in agony!
You kill the goblin!
Grinder gestures at you. Pain shoots through your body!
You aren't carrying any items that you can evoke.
Aiming: Pain (safe; 1% risk of failure)
Press: ? - help, Q - select action, (/) - cycle Shift-Dir - straight line
Okay, then.
A hobgoblin comes into view.
Found 6 gold pieces.
You throw an atropa-tipped dart.
The atropa-tipped dart closely misses Grinder.
You throw an atropa-tipped dart. The atropa-tipped dart hits Grinder.
Grinder resists.
You throw an atropa-tipped dart.
The atropa-tipped dart closely misses Grinder.
Grinder gestures at you.
You barely resist. You throw an atropa-tipped dart.
The atropa-tipped dart hits Grinder.
Grinder resists.
Grinder hits you. The hobgoblin barely misses you.
You throw an atropa-tipped dart.
The atropa-tipped dart closely misses Grinder.
Grinder hits you!
You writhe in agony.
The hobgoblin hits you. Grinder gestures at you.
You suddenly lose the ability to move!
Grinder is struck by your spines. Grinder hits you!
* * * LOW HITPOINT WARNING * * *
You writhe in agony.
You die...

#.#.#........#
#.#........#
#.#.########
#.# #.# #.# #
#.#.# $#
#.#'#..##
#@..)...#
#g5(...(#
#.......#
#.......#
#......(#
###....##
....# ....#
....#


You could see Grinder and a hobgoblin.

Vanquished Creatures
  A scorpion (D:4)
  A jelly (D:4)
  A hound (D:4)
  A gnoll (D:1)
  2 adders
  An ufetubus (D:4)
  A worm (D:2)
  3 dart slugs
  3 orcs (D:3)
  7 endoplasms
  2 giant cockroaches (D:3)
  7 goblins
  7 hobgoblins
  13 jackals
  3 kobolds
  A quokka (D:3)
  7 ball pythons
  5 bats
  2 frilled lizards (D:2)
  A jackal skeleton (D:4)
  9 rats
78 creatures vanquished.

Notes
Turn   | Place    | Note
-------+----------+-------------------------------------------
     0 | D:1      | senseless the Demonspawn Necromancer began the quest for
                  | the Orb.
     0 | D:1      | Reached XP level 1. HP: 13/13 MP: 3/3
     2 | D:1      | Learned a level 1 spell: Animate Skeleton
     8 | D:1      | Noticed a black bear
     9 | D:1      | Noticed a swamp worm
     9 | D:1      | Noticed a redback
   293 | D:1      | Gained mutation: You are partially covered in sharp spines.
                  | [demonic ancestry]
   293 | D:1      | Reached XP level 2. HP: 18/19 MP: 1/5
   469 | D:1      | Found Neixitam's Magic Scroll Shop.
   503 | D:1      | You fall into a shaft and drop 1 floor!
  1067 | D:2      | Reached skill level 5 in Necromancy
  1188 | D:2      | Gained mutation: You are mostly covered in sharp spines.
                  | [demonic ancestry]
  1188 | D:2      | Reached XP level 3. HP: 18/24 MP: 4/6
  2803 | D:2      | Gained mutation: You have a pair of small antennae on your
                  | head. [demonic ancestry]
  2803 | D:2      | Reached XP level 4. HP: 29/30 MP: 6/8
  2825 | D:2      | Noticed a necrophage
  3227 | D:3      | Found Falasal's Antique Weapon Emporium.
  3367 | D:3      | Found a faded altar of an unknown god.
  3436 | D:3      | Found a transporter.
  3443 | D:3      | Noticed tilp's ghost (amateur BaSu)
  3444 | D:3      | Found a transporter.
  3446 | D:3      | Noticed an ogre
  3518 | D:3      | Found a shimmering blue altar of Sif Muna.
  3519 | D:3      | Found a snail-covered altar of Cheibriados.
  3961 | D:4      | Learned a level 3 spell: Vampiric Draining
  4016 | D:4      | Reached XP level 5. HP: 33/35 MP: 7/10
  4057 | D:4      | Reached skill level 6 in Necromancy
  4289 | D:4      | Noticed Grinder
  4298 | D:4      | Paralysed by Grinder for 2 turns
  4299 | D:4      | Slain by Grinder

Illustrated notes

Levels and vault maps discovered:
D:1:      onia_arrival_zoo_common, layout_basic, serial_shops,
          nicolae_shop_temple_entry_statues_fountains
D:2:      layout_basic, uniq_crazy_yiuf_cottage
D:3:      layout_loops_cross, gammafunk_temple_overflow_pools,
          basic_ecumenical_altar, serial_shops, shop_statue,
          gammafunk_ghost_smash
D:4:      layout_basic, xom_redecorated, nzn_hepliaklqana_mist_gate,
          minmay_temple_entry_trees, due_unseen_surprise, uniq_grinder

Skill      XL: |  1  2  3  4  5 |
---------------+----------------+-----
Stealth        | 2 |  2.1
Necromancy     | 5 6 |  6.3
Spellcasting   | 3 4 |  4.0
Dodging        | |  1.8

Action                   |  1- 3 |  4- 6 || total
-------------------------+-------+-------++-------
Melee: Short sword       |     9 |     8 ||    17
Throw: Dart              |       |     5 ||     5
 Cast: Pain              |    85 |    56 ||   141
       Animate Skeleton  |     1 |     1 ||     2
       Vampiric Draining |       |     2 ||     2
  Use: Scroll            |     4 |     3 ||     7
Armor: Robe              |     5 |     2 ||     7
Dodge: Dodged            |     5 |     8 ||    13

Table legend: (Time is in decaauts)
 A = Elapsed time spent in this place.
 B = Non-inter-level travel time spent in this place.
 C = Inter-level travel time spent in this place.
 D = Time resting spent in this place.
 E = Time spent auto-exploring this place.
 F = Levels seen in this place.
 G = Mean time per level.
                   A        B        C        D        E       F      G
               +--------+--------+--------+--------+--------+-----+--------+
         Total |   4300 |   4220 |     80 |     40 |   3596 |   4 | 1075.0 |
       Dungeon |   4300 |   4220 |     80 |     40 |   3596 |   4 | 1075.0 |
               +--------+--------+--------+--------+--------+-----+--------+

Top non-repeatable levels by time:
     D:2: 1679 daAuts
     D:1: 1231 daAuts
     D:3: 1046 daAuts
     D:4: 343 daAuts
